 Dungeon Crawl Stone Soup version 0.27-a0-1188-g73eefd5def (webtiles) character file.

Game seed: 9238466704127544724

21 Sobieck the Bolt Thrower (level 2, -1/26 HPs)
             Began as a Hill Orc Hunter on May 21, 2021.
             Slain by a hound (3 damage)
             ... on level 3 of the Dungeon.
             The game lasted 00:01:53 (655 turns).

Sobieck the Bolt Thrower (Hill Orc Hunter)           Turns: 655, Time: 00:01:53

Health: -1/26      AC:  3    Str: 14    XL:     2   Next: 87%
Magic:  2/2        EV: 11    Int: 11    God:
Gold:   6          SH:  0    Dex: 11    Spells: 1/1 levels left

rFire    . . .     SeeInvis .   a - +0 war axe {axe}
rCold    . . .     Faith    .   (no shield)
rNeg     . . .     Spirit   .   c - +0 leather armour
rPois    .         Reflect  .   (no helmet)
rElec    .         Harm     .   (no cloak)
rCorr    .         Rampage  .   (no gloves)
Will     .....                  (no boots)
Stlth    +.........             (no amulet)
HPRegen  0.08/turn              (no ring)
MPRegen  0.08/turn              (no ring)

@: no status effects
A: no striking features
a: no special abilities


You were on level 3 of the Dungeon.
You visited 1 branch of the dungeon, and saw 3 of its levels.

You collected 55 gold pieces.
You spent 49 gold pieces at shops.


   Skills:
 + Level 3.0 Fighting
 + Level 0.3 Axes
 - Level 3.6 Crossbows
 + Level 1.2 Armour
 - Level 1.5 Dodging
 + Level 1.4 Stealth


You had one spell level left.
You didn't know any spells.
Your spell library contained the following spells:

 Spells                   Type           Power      Damage    Failure   Level
 Magic Dart               Conj           0%         1d3       41%         1
 Sandblast                Erth           0%         2d4       41%         1
 Passwall                 Tmut/Erth      0%         N/A       54%         2
 Searing Ray              Conj           0%         3d3       54%         2
 Dazzling Flash           Conj/Hex       0%         N/A       78%         3
 Stone Arrow              Conj/Erth      0%         3d7       78%         3
 Fulminant Prism          Conj/Hex       0%         3d6       99%         4
 Iskenderun's Mystic Bla  Conj/Tloc      0%         2d3       99%         4
 Petrify                  Tmut/Erth      0%         N/A       99%         4
 Lee's Rapid Deconstruct  Erth           0%         3d5*      100%        5

Inventory:

Hand Weapons
 a - a +0 war axe (weapon) {axe}
   (You bought it in a shop on level 3 of the Dungeon)
 b - a +1 hand crossbow {crossbow}
 k - a +0 short sword {short}
Missiles
 d - 19 bolts
 f - 6 boomerangs (quivered) {throwing}
 l - 5 stones {throwing}
Armour
 c - a +0 leather armour (worn)
 i - a +0 plate armour
   (You found it on level 3 of the Dungeon)
Magical Staves
 h - a staff of earth {!astaff}
   (You found it on level 3 of the Dungeon)
Scrolls
 g - a scroll of enchant weapon {unknown}
Potions
 e - a potion of attraction {unknown}
 j - a potion of cancellation {unknown}

Dungeon Overview and Level Annotations

Branches:
Dungeon (3/15)

Altars:

Shops:
D:3

* #..#####.#
......##.#
...##.##.#
.........#
.......##########
................#
.......########.#
# ..####.#
#.##.##### ..#
#.# #.@hB.....
..# #.#
####...... ..#
#.# ..... ..# #.#
.... ..# ... ...
### .. < ####
...#


You could see a hound and a giant cockroach.


Message History

A kobold comes into view. It is wielding a +0 club.
The kobold shouts!
Unknown command.
The kobold throws a stone.
The stone misses you.
The kobold throws a stone.
The stone closely misses you. The kobold completely misses you.
You hit the kobold but do no damage. The kobold hits you with a +0 club.
The kobold hits you but does no damage. 😕 HP[-3]
You take 3 damage, and now have 22/25 hp.
You slash the kobold!
You kill the kobold!
Your Fighting skill increases to level 3! 😕 HP[+1]
You now have 26 max hp (+1).
l - 5 stones {throwing}
Things that are here:
a +0 club {mace}; a kobold corpse A bat comes into view. 😎 HP[+3]
Your hp is fully restored (26).
The bat closely misses you.
You barely miss the bat. The bat hits you but does no damage.
The bat hits you. x2 😕 HP[-2]
You take 2 damage, and now have 24/26 hp.
You hit the bat but do no damage. The bat hits you. x2 😕 HP[-2]
You take 2 damage, and now have 22/26 hp.
You miss the bat. The bat hits you but does no damage.
The bat barely misses you. The bat completely misses you.
The bat closely misses you.
You closely miss the bat. The bat hits you but does no damage. x2
You barely miss the bat. The bat closely misses you.
The bat hits you but does no damage.
You barely miss the bat. The bat completely misses you.
The bat hits you but does no damage.
You slash the bat!
You kill the bat! 😕 HP[+1] No target in view!
No target in view!
You see here a bat corpse.
A dart slug comes into view. 😎 HP[+3]
Your hp is fully restored (26).
You slash the dart slug! The dart slug bites you.
The dart slug barely misses you. 😕 HP[-3]
You take 3 damage, and now have 23/26 hp.
You slash the dart slug!
You kill the dart slug! 😕 HP[+1] No target in view!
A hound comes into view. 😎 HP[+2]
Your hp is fully restored (26).
The hound barks!
Found an escape hatch in the ceiling.
A giant cockroach comes into view.
The hound bites you. 😕 HP[-3]
You take 3 damage, and now have 23/26 hp.
You closely miss the hound. The hound bites you. The hound misses you. 😮 HP[-4]
You take 4 damage, and now have 19/26 hp.
You are too injured to fight recklessly!
You are too injured to fight recklessly!
Unknown command.
You closely miss the hound. The hound bites you.
The hound bites you but does no damage. The hound misses you. 😮 HP[-1]
You take 1 damage, and now have 18/26 hp.
You miss the hound. The hound closely misses you. The hound bites you.
* * * LOW HITPOINT WARNING * * *
😨 HP[-5]
You take 5 damage, and now have 13/26 hp.
You barely miss the hound. The hound barely misses you.
The hound pauses to sniff the ground.
The hound bites you.
* * * LOW HITPOINT WARNING * * *
😨 HP[-2]
You take 2 damage, and now have 11/26 hp.
You hit the hound. The hound bites you.
* * * LOW HITPOINT WARNING * * *
The hound misses you. 😨 HP[-2]
You take 2 damage, and now have 9/26 hp.
You closely miss the hound. The hound barely misses you. The hound bites you.
* * * LOW HITPOINT WARNING * * *
😱 HP[-3]
You take 3 damage, and now have 6/26 hp.
You slash the hound! The hound bites you but does no damage.
The hound barely misses you. The hound bites you.
* * * LOW HITPOINT WARNING * * *
😱 HP[-2]
You take 2 damage, and now have 4/26 hp.
You barely miss the hound. The hound bites you.
* * * LOW HITPOINT WARNING * * *
The hound bites you.
You die...

Skill      XL: |  1  2 |
---------------+-------+-----
Armour         | 1 |  1.2
Stealth        | 1 |  1.4
Fighting       | 3 |  3.0
Axes           | |  0.3
Crossbows      | |  3.6
Dodging        | |  1.5

Action                   || total
-------------------------++-------
Melee: Short sword       ||    22
       War axe           ||    19
 Fire: Hand crossbow     ||     3
Armor: Leather armour    ||    17
Dodge: Dodged            ||    24

Levels and vault maps discovered:
D:1:      lightli_arrival_statue_moat, layout_basic,
          hellmonk_ecumenical_altar_dog_temple
D:2:      layout_basic, small_statue_intersection
D:3:      layout_basic, serial_shops, shop, shop, shop, nicolae_shop_statue_plus

Notes
Turn   | Place    | Note
-------+----------+-------------------------------------------
     0 | D:1      | Sobieck the Hill Orc Hunter began the quest for the Orb.
     0 | D:1      | Reached XP level 1. HP: 18/18 MP: 1/1
     0 | D:1      | magus.rc [v1.9.6]
   100 | D:2      | You pick up a book of Conjurations {@e2} and begin
                  | reading...
   100 | D:2      | You add the spells Magic Dart, Searing Ray, Dazzling Flash,
                  | Fulminant Prism and Iskenderun's Mystic Blast to your
                  | library.
   206 | D:2      | Reached skill level 1 in Armour
   206 | D:2      | Reached skill level 1 in Stealth
   206 | D:2      | Reached XP level 2. HP: 25/25 MP: 2/2
   389 | D:3      | You pick up a book of Geomancy and begin reading...
   389 | D:3      | You add the spells Sandblast, Passwall, Stone Arrow,
                  | Petrify and Lee's Rapid Deconstruction to your library.
   412 | D:3      | Found Xinnei's General Store.
   420 | D:3      | Bought a +0 war axe for 49 gold pieces
   456 | D:3      | Reached skill level 3 in Fighting
   653 | D:3      | HP: 6/26 [hound (3)]
   655 | D:3      | HP: 2/26 [hound (2)]
   655 | D:3      | Slain by a hound

Vanquished Creatures
  An adder (D:2)
  A dart slug (D:3)
  A bat (D:3)
  An endoplasm (D:2)
  A goblin (D:2)
  2 ball pythons
  A frilled lizard (D:2)
  4 kobolds
12 creatures vanquished.

Table legend:
 A = Non-vault XP
 B = Vault XP
 C = Vault XP percentage of total XP
 D = Non-vault monster count
 E = Vault monster count
 F = Vault count percentage of total count
                 A         B        C        D         E       F
            +---------+---------+-------+---------+---------+-------
      Total |      31 |       0 |   0.0 |      12 |       0 |   0.0
            +---------+---------+-------+---------+---------+-------
        D:2 |      22 |       0 |   0.0 |       8 |       0 |   0.0
        D:3 |       9 |       0 |   0.0 |       4 |       0 |   0.0
            +---------+---------+-------+---------+---------+-------

Illustrated notes

Table legend:
 A = Kills in this place as a percentage of kills in entire the game.
 B = Kills by you in this place as a percentage of kills by you in the entire game.
 C = Kills by friends in this place as a percentage of kills by friends in the entire game.
 D = Other kills in this place as a percentage of other kills in the entire game.
 E = Experience gained in this place as a percentage of experience gained in the entire game.
 F = Experience gained in this place divided by the number of levels of this place that you have seen.
                   A       B       C       D       E      F
               +-------+-------+-------+-------+-------+----------------------
         Total | 100.0 | 100.0 |   N/A |   N/A | 100.0 |  10.3
       Dungeon | 100.0 | 100.0 |   N/A |   N/A | 100.0 |  10.3
               +-------+-------+-------+-------+-------+----------------------

Table legend: (Time is in decaauts)
 A = Elapsed time spent in this place.
 B = Non-inter-level travel time spent in this place.
 C = Inter-level travel time spent in this place.
 D = Time resting spent in this place.
 E = Time spent auto-exploring this place.
 F = Levels seen in this place.
 G = Mean time per level.
                   A        B        C        D        E       F      G
               +--------+--------+--------+--------+--------+-----+--------+
         Total |    660 |    639 |     21 |      0 |    515 |   3 |  220.0 |
       Dungeon |    660 |    639 |     21 |      0 |    515 |   3 |  220.0 |
               +--------+--------+--------+--------+--------+-----+--------+

Top non-repeatable levels by time:
     D:3: 322 daAuts
     D:2: 302 daAuts
     D:1: 36 daAuts
